 Dungeon Crawl Stone Soup version 0.31.0-32-g396128a36d (webtiles) character file.

Game seed: 7101194592425357830

17 Doomgape the Trooper (level 2, -2/19 HPs)
             Began as a Gargoyle Fighter on Apr 3, 2024.
             Frozen to death by an endoplasm (3 damage)
             ... on level 2 of the Dungeon.
             The game lasted 00:01:47 (515 turns).

Doomgape the Trooper (Gargoyle Fighter)              Turns: 515, Time: 00:01:48

Health: -2/19      AC:  9    Str: 19    XL:     2   Next: 62%
Magic:  2/2        EV:  9    Int:  8    God:
Gold:   79         SH:  4    Dex:  9    Spells: 1/1 levels left

rFire   . . .        a - +0 flail
rCold   . . .        c - +0 buckler
rNeg    + . .        b - +0 scale mail
rPois   ∞            (no helmet)
rElec   +            (no cloak)
rCorr   .            (no gloves)
SInv    .            (no boots)
Will    .....        (no amulet) Stlth
                     (no ring)
HPRegen 0.23/turn    (no ring)
MPRegen 0.08/turn

%: no passive effects
@: no status effects
A: sickness immunity, AC +2, negative energy resistance 1, electricity
resistance, torment resistance 1, petrification resistance
a: no special abilities


You were on level 2 of the Dungeon.
You visited 1 branch of the dungeon, and saw 2 of its levels.

You collected 79 gold pieces.

Inventory:

Hand Weapons
 a - a +0 flail (weapon)
Armour
 b - a +0 scale mail (worn)
 c - a +0 buckler (worn)
Scrolls
 e - a scroll of amnesia {unknown}
Potions
 d - a potion of might
 f - 2 potions of curing {unknown}
 g - a potion of attraction {unknown}


   Skills:
 + Level 3.5 Fighting
 + Level 2.3 Maces & Flails
 + Level 3.5 Armour
 + Level 3.5 Shields


You had one spell level left.
You didn't know any spells.
Your spell library contained the following spells:

 Spells                   Type           Power      Damage    Failure   Level
 Scorch                   Fire           0%         2d5       94%         2
 Flame Wave               Conj/Fire      0%         2d4       100%        4
 Summon Cactus Giant      Summ           0%         N/A       100%        6


Dungeon Overview and Level Annotations

Branches:
Dungeon (2/15)

Altars:


Innate Abilities, Weirdness & Mutations

You are immune to sickness and miasma.
Your stone body is resilient. (AC +2)
You are immune to poison.
You resist negative energy. (rN+)
You are resistant to electric shocks. (rElec)
You are resistant to unholy torment.
You are immune to petrification.


Message History

Unknown command.
You closely miss the goblin.
The goblin is severely wounded.
The kobold hits you but does no damage. The goblin completely misses you.
The endoplasm freezes you.
You are frozen.
* * * LOW HITPOINT WARNING * * *
You block the giant cockroach's attack. The goblin barely misses you.
The endoplasm hits you but does no damage.
The kobold closely misses you.
You hit the goblin but do no damage.
The goblin is severely wounded.
The giant cockroach closely misses you. You block the giant cockroach's attack.
The kobold hits you with a +0 short sword.
* * * LOW HITPOINT WARNING * * *
The goblin closely misses you. The endoplasm freezes you.
You are frozen.
* * * LOW HITPOINT WARNING * * *
You closely miss the goblin.
The goblin is severely wounded.
The giant cockroach bites you but does no damage.
You block the kobold's attack. You block the goblin's attack.
The endoplasm hits you but does no damage.
The giant cockroach bites you but does no damage.
Unknown command.
You miss the goblin.
The goblin is severely wounded.
You block the kobold's attack. You block the goblin's attack.
The endoplasm barely misses you. The giant cockroach closely misses you.
The kobold hits you but does no damage. The endoplasm closely misses you.
The goblin hits you but does no damage. The giant cockroach bites you.
* * * LOW HITPOINT WARNING * * *
You barely miss the goblin.
The goblin is severely wounded.
The giant cockroach bites you but does no damage.
The kobold hits you but does no damage. The goblin hits you but does no damage.
The endoplasm freezes you.
You are frozen.
You die...

##########
#....?....
#.........
#.........
+.........
#......#
#.####gJ..#
#......@..#
#####.KB..#
#.......#
.[.....###
#####.###
#.# #.# #.#


You could see an endoplasm, a giant cockroach, a goblin and a kobold.

Vanquished Creatures
  A dart slug (D:1)
  A giant cockroach (D:1)
  2 goblins (D:1)
  A hobgoblin (D:1)
  4 kobolds (D:1)
  2 ball pythons (D:1)
  A bat (D:1)
  2 frilled lizards (D:1)
  A rat (D:1)
15 creatures vanquished.

Notes
Turn   | Place    | Note
-------+----------+-------------------------------------------
     0 | D:1      | Doomgape the Gargoyle Fighter began the quest for the Orb.
     0 | D:1      | Reached XP level 1. HP: 14/14 MP: 1/1
   212 | D:1      | Reached XP level 2. HP: 19/19 MP: 2/2
   310 | D:1      | Found a faded altar of an unknown god.
   515 | D:2      | Frozen to death by an endoplasm

Illustrated notes

Levels and vault maps discovered:
D:1:      scummos_arrival_checkerplants, layout_rooms, basic_ecumenical_altar
D:2:      cheibrodos_old_hovel, layout_basic

Action                     || total
---------------------------++-------
  Melee: Flail             ||    53
 Armour: Scale mail        ||    53
  Dodge: Dodged            ||    39
  Block: Buckler           ||    21
